 Dungeon Crawl Stone Soup version 0.20.1-1-g8b1a95d (webtiles) character file.

25 tidbits the Insei (level 2, -4/22 HPs)
             Began as a Demigod Transmuter on Aug 11, 2017.
             Slain by a gnoll (7 damage)
             ... on level 2 of the Dungeon.
             The game lasted 00:04:03 (572 turns).

tidbits the Insei (Demigod Transmuter)               Turns: 572, Time: 00:04:05

Health: -4/22      AC:  2    Str: 13    XL:     2   Next: 66%
Magic:  16/16      EV: 12    Int: 21    God:
Gold:   58         SH:  0    Dex: 16    Spells: 1/4 levels left

rFire    . . .     SeeInvis .   e - +0 short sword
rCold    . . .     Gourm    .   (no shield)
rNeg     . . .     Faith    .   b - +0 robe
rPois    .         Spirit   .   (no helmet)
rElec    .         Reflect  .   (no cloak)
rCorr    .         Harm     .   (no gloves)
MR       .....                  (no boots)
Stlth    ++........             (no amulet)
Regen    0.1/turn               k - ring of magical power
MPRegen  0.2/turn               m - +4 ring of intelligence

@: no status effects
A: high mp 1
a: no special abilities


You were on level 2 of the Dungeon.
You were not hungry.

You visited 1 branch of the dungeon, and saw 3 of its levels.

You collected 58 gold pieces.

Inventory:

Hand Weapons
 e - a +0 short sword (weapon)
Missiles
 a - 34 arrows
 f - 10 bolts
 h - 42 stones (quivered)
 s - 26 sling bullets
Armour
 b - a +0 robe (worn)
 p - a +0 scale mail
Jewellery
 k - a ring of magical power (left hand)
   (You found it on level 1 of the Dungeon)
 m - a +4 ring of intelligence (right hand)
   (You found it on level 1 of the Dungeon)
Scrolls
 g - 2 scrolls of teleportation {unknown}
 j - a scroll of enchant armour {unknown}
 n - a scroll of enchant weapon {unknown}
 r - a scroll of remove curse {unknown}
Potions
 i - a potion of berserk rage {unknown}
 l - a potion of mutation {unknown}
 o - a potion of might {unknown}
 q - 2 potions of degeneration {unknown}
Books
 c - a book of Changes

   Spells                             Type                      Level
   a - Beastly Appendage              Transmutation                1
   b - Sticks to Snakes               Transmutation                2
   c - Spider Form                    Transmutation/Poison         3
   d - Ice Form                       Ice/Transmutation            4
   e - Blade Hands                    Transmutation                5
Comestibles
 d - a bread ration
 t - a meat ration


   Skills:
 - Level 0.8 Fighting
 - Level 1.7 Dodging
 - Level 2.0 Stealth
 + Level 3.1 Unarmed Combat
 - Level 1.7 Spellcasting
 - Level 1.7 Transmutations


You had one spell level left.
You knew the following spells:

 Your Spells              Type           Power        Failure   Level  Hunger
e - Beastly Appendage     Tmut           #.....       8%          1    #......
k - Sticks to Snakes      Tmut           #.......     11%         2    ###....


Dungeon Overview and Level Annotations

Branches:
Dungeon (3/15)


Innate Abilities, Weirdness & Mutations

You have an increased reservoir of magic. (+10% MP)


Message History

r - a scroll labeled FAINEVY JARRAO
There is a stone staircase leading down here.
You climb downwards.
Found a stone staircase leading down.
There is a stone staircase leading up here.
Found 11 gold pieces.
You now have 35 gold pieces (gained 11).
There is a stone staircase leading up here.
There is a stone staircase leading down here.
You climb downwards.
There is a stone staircase leading up here.
You climb upwards.
There is a stone staircase leading down here.
Found 26 sling bullets.
You see here 26 sling bullets.
s - 26 sling bullets
Found 8 gold pieces.
A goblin comes into view. It is wielding a dagger.
Found 15 gold pieces and a meat ration.
A hobgoblin comes into view. It is wielding a club.
You see here 8 gold pieces.
You now have 43 gold pieces (gained 8).
The hobgoblin shouts!
Found a scale mail.
Casting: Sticks to Snakes
Confirm with . or Enter, or press ? or * to list all spells.
You grow a pair of large bovine horns.
Your transformation is almost over.
Casting: Beastly Appendage
Confirm with . or Enter, or press ? or * to list all spells.
You create a snake!
You now have 35 arrows.
The hobgoblin hits you with a club.
You hit the hobgoblin.
The hobgoblin is almost dead.
Your ball python bites the hobgoblin.
The hobgoblin dies!
Unknown command.
Your horns disappear.
Found a mace.
You closely miss the goblin. The goblin hits you with a dagger.
Your ball python bites the goblin.
Your ball python grabs the goblin.
Your ball python constricts the goblin.
The goblin dies!
You swap places.
t - a meat ration You now have 58 gold pieces (gained 15).
A hobgoblin comes into view.
It is wielding a club. 2 gnolls come into view.
The gnoll shouts!
The gnoll moves out of view.
A gnoll comes into view. It is wielding a spear.
Casting: Sticks to Snakes
Confirm with . or Enter, or press ? or * to list all spells.
You create a snake!
You now have 34 arrows.
Casting: Sticks to Snakes
Confirm with . or Enter, or press ? or * to list all spells.
You grow a pair of large bovine horns.
Your ball python withers and dies!
You hit the gnoll but do no damage. You headbutt the gnoll.
Your punch misses the gnoll.
The gnoll is lightly wounded.
Your ball python bites the gnoll but does no damage.
Your ball python closely misses the gnoll.
The gnoll hits you!
* * * LOW HITPOINT WARNING * * *
The gnoll hits you from afar with a spear.
* * * LOW HITPOINT WARNING * * *
You barely miss the gnoll. You headbutt the gnoll.
The gnoll is lightly wounded.
Your ball python barely misses the gnoll. x2
The gnoll barely misses you.
The gnoll hits you from afar with a spear!
* * * LOW HITPOINT WARNING * * *
Your ball python closely misses the gnoll. x2
The gnoll barely misses your ball python.
Your ball python bites the gnoll.
Your ball python grabs the gnoll.
Your ball python constricts the gnoll.
The gnoll completely misses your ball python.
Your ball python bites the gnoll.
Your ball python constricts the gnoll.
Your transformation is almost over.
Your ball python bites the gnoll but does no damage.
Your ball python constricts the gnoll.
The gnoll struggles to escape constriction.
Your ball python bites the gnoll but does no damage.
Your ball python constricts the gnoll.
The gnoll struggles to escape constriction.
Your ball python bites the gnoll.
Your ball python constricts the gnoll.
The gnoll escapes!
Your ball python bites the gnoll.
Your ball python grabs the gnoll.
Your ball python constricts the gnoll.
The gnoll struggles to escape constriction.
Your ball python bites the gnoll but does no damage.
Your ball python constricts the gnoll.
The gnoll hits your ball python with a spear!
Your ball python dies!
The gnoll shouts!
You see here a club.
Your horns disappear.
There is a stone staircase leading up here.
The gnoll hits you!
You die...

######## #......# #......#
###### ########......#
#..... #......#.....>#
#..... ##.####.#..@g.g######
#.....
#.......#........g..####....
#######...............#.....
#.#......####.#.#..)g.
#.#...............#.#.
#.#.......###.#.###.#.
#.......#.....#.#.....
###############.#.....
#.#.....


You could see 3 gnolls.

Vanquished Creatures
  A leopard gecko (D:1)
  2 giant cockroaches (D:1)
  A goblin (D:1)
  2 hobgoblins (D:1)
  3 kobolds (D:1)
  A ball python (D:1)
  4 bats (D:1)
  2 frilled lizards (D:1)
16 creatures vanquished.

Vanquished Creatures (collateral kills)
  A leopard gecko (D:1)
  A bat (D:1)
  A giant cockroach (D:1)
  A hobgoblin (D:2)
  A goblin (D:2)
5 creatures vanquished.

Grand Total: 21 creatures vanquished

Notes
Turn   | Place    | Note
-------+----------+-------------------------------------------
     0 | D:1      | tidbits the Demigod Transmuter began the quest for the Orb.
     0 | D:1      | Reached XP level 1. HP: 15/15 MP: 5/5
   186 | D:1      | Reached skill level 1 in Stealth
   276 | D:1      | Reached XP level 2. HP: 11/22 MP: 5/7
   280 | D:1      | Learned a level 2 spell: Sticks to Snakes
   306 | D:1      | Reached skill level 2 in Stealth
   424 | D:1      | Reached skill level 3 in Unarmed Combat
   547 | D:2      | HP: 1/22 [gnoll/spear (8)]
   572 | D:2      | Slain by a gnoll

Skill      XL: |  1  2 |
---------------+-------+-----
Stealth        | 1 2 |  2.0
Unarmed Combat | 3 |  3.1
Fighting       | |  0.8
Dodging        | |  1.7
Spellcasting   | |  1.7
Transmutations | |  1.7

Action                   || total
-------------------------++-------
Melee: Short sword       ||    57
       Kick              ||     3
       Headbutt          ||     3
 Cast: Beastly Appendage ||    10
       Sticks to Snakes  ||     6
 Stab: Sleeping          ||     3
Armor: Robe              ||    11
Dodge: Dodged            ||    36

Table legend:
 A = Turns spent in this place as a percentage of turns spent in the entire game.
 B = Non-inter-level travel turns spent in this place as a percentage of non-inter-level travel turns spent in the entire game.
 C = Inter-level travel turns spent in this place as a percentage of turns spent in this place.
 D = Turns resting spent in this place as a percentage of non-inter-level travel turns spent in this place.
 E = Turns spent auto-exploring this place as a percentage of non-inter-level travel turns spent in this place.
 F = Non-inter-level travel turns spent in this place divided by the number of levels of this place that you've seen.
                   A       B       C       D       E      F
               +-------+-------+-------+-------+-------+----------------------
         Total | 100.0 | 100.0 |   0.0 |   0.0 |   0.0 | 175.3
       Dungeon | 100.0 | 100.0 |   0.0 |   0.0 |   0.0 | 175.3
               +-------+-------+-------+-------+-------+----------------------

Table legend:
 A = Kills in this place as a percentage of kills in entire the game.
 B = Kills by you in this place as a percentage of kills by you in the entire game.
 C = Kills by friends in this place as a percentage of kills by friends in the entire game.
 D = Other kills in this place as a percentage of other kills in the entire game.
 E = Experience gained in this place as a percentage of experience gained in the entire game.
 F = Experience gained in this place divided by the number of levels of this place that you have seen.
                   A       B       C       D       E      F
               +-------+-------+-------+-------+-------+----------------------
         Total | 100.0 | 100.0 | 100.0 |  -nan | 100.0 |  12.3
       Dungeon | 100.0 | 100.0 | 100.0 |  -nan | 100.0 |  12.3
               +-------+-------+-------+-------+-------+----------------------

Vault maps used:
D:1:      saegor_arrival_simple_c, st_stairs_9
D:3:      first_bread
